 Dungeon Crawl Stone Soup version 0.29-a0-838-g385bb11a5b (webtiles) character file.

Game seed: 15919024745059467832

145154 Zonian the Skirmisher (level 16, -2/122 HPs)
             Began as a Demonspawn Ice Elementalist on July 13, 2022.
             Was an Initiate of Gozag.
             Killed from afar by a nagaraja (20 damage)
             ... with a poison arrow
             ... on level 4 of the Snake Pit on July 14, 2022.
             The game lasted 02:18:29 (43214 turns).

Zonian the Skirmisher (DsIE)                       Turns: 43214, Time: 02:18:59

Health: -2/122     AC: 15    Str: 19    XL:     16   Next: 86%
Magic:  15/27      EV: 18    Int: 28    God:    Gozag
Gold:   4771       SH: 10    Dex: 24    Spells: 6/30 levels left

rFire   + + +      SeeInvis .   X - +5 dagger of Befukhlo {freeze, Dex+5}
rCold   + + .      Faith    .   j - +0 buckler of the Distant Future {*Slow rElec rF+ Int+5}
rNeg    . . .      Spirit   .   o - +3 troll leather armour of Conscience {Contam Regen+ Slay+5}
rPois   .          Reflect  +   R - +2 hat {Will+}
rElec   +          Harm     .   N - scarf {rC+ rF+}
rCorr   .          Rampage  .   (gloves unavailable)
Will    ++...                   F - +2 pair of boots
Stlth   +++.......              O - amulet of reflection
HPRegen 1.10/turn               q - ring "Guroerub" {*Corrode rF+ rC+ Int+6 Dex+4}
MPRegen 0.20/turn               E - ring of Soan {Wiz Str+4}

@: lethally poisoned (-2 -> -18), weakened, gold aura
A: thin metallic scales 2, demonic guardian 2, spiny 2, augmentation 1, demonic
touch 3
a: Renounce Religion, Potion Petition, Call Merchant, Bribe Branch


You were on level 4 of the Snake Pit.
You worshipped Gozag.
Gozag was most pleased with you.
You visited 5 branches of the dungeon, and saw 24 of its levels.
You also visited: Ossuary.

You collected 11338 gold pieces.
You spent 4303 gold pieces at shops.
You paid 2264 gold pieces to Gozag.

Inventory:

Hand Weapons
 g - a +4 rapier of electrocution
 h - a +1 rapier of freezing
 l - a +3 dagger of venom
 y - the +5 sling "Ryil" {flame, rC+ Will+}
   (You bought it in a shop on level 5 of the Dungeon)

   Any ammunition fired from it burns those it strikes, dealing additional fire
   damage.
   rC:        It protects you from cold.
   Will:      It increases your willpower.
 A - the +0 sling of Profit {speed, rElec rC- Str+2 Stlth+}
   (You found it on level 6 of the Dungeon)

   Attacks with this weapon are significantly faster.
   Str:       It affects your strength (+2).
   rC:        It makes you vulnerable to cold.
   rElec:     It insulates you from electricity.
   Stlth:     It makes you more stealthy.
 P - a +2 short sword of electrocution
 Q - the +3 spear "Orb Guardian's Regret" {antimagic, Str+4 Stlth+}
   (You bought it in a shop on level 5 of the Dungeon)

   It reduces the magical energy of the wielder, and disrupts the spells and
   magical abilities of those it strikes.
   Natural abilities and divine invocations are not affected.
   Str:       It affects your strength (+4).
   Stlth:     It makes you more stealthy.
 X - the +5 dagger of Befukhlo (weapon) {freeze, Dex+5}
   (You found it on level 4 of the Lair of Beasts)

   It freezes those it strikes, dealing additional cold damage.
   It can also slow down cold-blooded creatures.
   Dex:       It affects your dexterity (+5).
Missiles
 e - 61 poisoned darts
Armour
 a - the +1 helmet "Gaex" {rF++ Str-4 SInv}
   (You bought it in a shop on level 9 of the Dungeon)

   Str:       It affects your strength (-4).
   rF:        It greatly protects you from fire.
   SInv:      It lets you see invisible.
 j - the +0 buckler of the Distant Future (worn) {*Slow rElec rF+ Int+5}
   (You bought it in a shop on level 2 of the Orcish Mines)

   Int:       It affects your intelligence (+5).
   rF:        It protects you from fire.
   rElec:     It insulates you from electricity.
   *Slow:     It may slow you when you take damage.
 o - the +3 troll leather armour of Conscience (worn) {Contam Regen+ Slay+5}
   (You bought it in a shop on level 9 of the Dungeon)

   Slay:      It affects your accuracy & damage with ranged weapons and melee
   (+5).
   Contam:    It causes magical contamination when unequipped.
   Regen:     It increases your rate of health regeneration.
 F - a +2 pair of boots (worn)
 N - a scarf of resistance (worn)
 R - a +2 hat of willpower (worn)
Jewellery
 d - a ring of resist corrosion
 q - the ring "Guroerub" (left hand) {*Corrode rF+ rC+ Int+6 Dex+4}
   (You acquired it on level 3 of the Snake Pit)

   [ring of intelligence]

   Int:       It affects your intelligence (+6).
   Dex:       It affects your dexterity (+4).
   rF:        It protects you from fire.
   rC:        It protects you from cold.
   *Corrode:  It may corrode you when you take damage.
 E - the ring of Soan (right hand) {Wiz Str+4}
   (You bought it in a shop on level 4 of the Snake Pit)

   [ring of wizardry]

   It improves your spell success rate.
   Str:       It affects your strength (+4).
 O - an amulet of reflection (around neck)
 S - a ring of ice
Wands
 v - a wand of flame (59)
 B - a wand of polymorph (18)
 C - a wand of paralysis (23)
 K - a wand of mindburst (6)
 T - a wand of roots (2)
Scrolls
 c - a scroll of fear
 k - 6 scrolls of immolation
 r - 4 scrolls of enchant armour
 D - 5 scrolls of fog
 G - 2 scrolls of enchant weapon
 M - a scroll of blinking
 U - 2 scrolls of poison
 V - a scroll of identify
 Y - 2 scrolls of summoning
Potions
 b - 2 potions of magic
 i - 4 potions of curing
 m - 2 potions of invisibility
 n - 3 potions of resistance
 p - a potion of haste
 s - 4 potions of mutation
 t - 3 potions of ambrosia
 u - 6 potions of flight
 w - 6 potions of attraction
 x - a potion of brilliance
 z - 5 potions of heal wounds
 L - 2 potions of lignification
 W - 2 potions of experience {unknown}
 Z - a potion of berserk rage
Miscellaneous
 f - a tin of tremorstones (2/2)
 I - a lightning rod (3/4)
 J - a box of beasts


   Skills:
 - Level 10.0 Fighting
 - Level 10.0 Short Blades
 - Level 14.0 Ranged Weapons
 - Level 4.0 Armour
 - Level 8.0 Dodging
 - Level 5.0 Stealth
 + Level 7.7 Spellcasting
 - Level 10.0 Conjurations
 - Level 5.0 Hexes
 - Level 8.0 Translocations
 - Level 8.0 Ice Magic
 - Level 5.0 Earth Magic
 - Level 10.0 Evocations


You had 6 spell levels left.
You knew the following spells:

 Your Spells              Type           Power      Damage    Failure   Level
a - Freeze                Ice            100%       1d11      1%          1
b - Frozen Ramparts       Ice            100%       1d12      1%          3
c - Ozocubu's Armour      Ice            53%        N/A       1%          3
d - Hailstorm             Conj/Ice       57%        3d12      1%          4
e - Iskenderun's Mystic   Conj/Tloc      57%        2d12      1%          4
f - Dazzling Flash        Conj/Hex       100%       N/A       1%          3
g - Stone Arrow           Conj/Erth      100%       3d13      1%          3
h - Lesser Beckoning      Tloc           53%        N/A       1%          3

Your spell library contained the following spells:

 Spells                   Type           Power      Damage    Failure   Level
 Apportation              Tloc           100%       N/A       1%          1
 Sandblast                Erth           76%        2d16      1%          1
 Shock                    Conj/Air       100%       1d9       1%          1
 Ensorcelled Hibernation  Hex/Ice        94%        N/A       1%          2
 Passwall                 Tmut/Erth      20%        N/A       1%          2
 Static Discharge         Conj/Air       38%        3-8/arc   1%          2
 Gell's Gravitas          Tloc           53%        N/A       1%          3
 Portal Projectile        Hex/Tloc       94%        N/A       1%          3
 Teleport Other           Tloc           53%        N/A       1%          3
 Tukima's Dance           Hex            38%        N/A       1%          3
 Passage of Golubria      Tloc           53%        N/A       1%          4
 Iskenderun's Battlesphe  Conj           61%        2d11      1%          5
 Necrotise                Necr           40%        1d6       3%          1
 Sting                    Tmut/Pois      40%        1d5       3%          1
 Summon Small Mammal      Summ           40%        N/A       3%          1
 Summon Guardian Golem    Hex/Summ       24%        N/A       3%          3
 Poisonous Vapours        Pois/Air       20%        N/A       4%          2
 Leda's Liquefaction      Hex/Erth       19%        N/A       4%          4
 Call Canine Familiar     Summ           10%        N/A       10%         3
 Swiftness                Air            10%        N/A       10%         3
 Fireball                 Conj/Fire      19%        3d9       12%         5
 Lightning Bolt           Conj/Air       19%        1d33      12%         5
 Airstrike                Air            5%         0-3+      32%         4
 Olgreb's Toxic Radiance  Pois           10%        N/A       32%         4
 Yara's Violent Unravell  Hex/Tmut       12%        3d7       32%         5
 Conjure Ball Lightning   Conj/Air       19%        3x3d6     52%         6
 Starburst                Conj/Fire      19%        6d7       52%         6
 Orb of Destruction       Conj           30%        9d10      41%         7
 Ozocubu's Refrigeration  Ice            26%        4d10      67%         7
 Spellforged Servitor     Conj/Summ      19%        N/A       96%         7
 Maxwell's Capacitive Co  Air            5%         ∞         100%        8


Dungeon Overview and Level Annotations

Branches:
Dungeon (11/15)            Temple (1/1) D:5            Lair (6/6) D:10
 Shoals (0/4) Lair:3        Snake (4/4) Lair:2        Slime (0/5) Lair:5
    Orc (2/2) D:10            Elf (0/3) Orc:2       Ossuary (visited)

Altars:
Ashenzari
Cheibriados
Dithmenos
Fedhas
Gozag
Hepliaklqana
Kikubaaqudgha
Makhleb
Nemelex Xobeh
Okawaru
Qazlal
Ru
Sif Muna
Trog
Uskayaw
Vehumet
Wu Jian
Xom
Yredelemnul
Jiyva

Shops:
D:4 :   D:5 (   D:6 (   D:7 :   D:9 :[   Orc:1 [   Orc:2 (=?[[[(   Snake:4 =

Annotations:
D:2 Terence
D:5 2 runed translucent doors, avis's ghost, novice DgIE
D:6 1 runed translucent door, Crazy Yiuf
D:8 2 runed translucent doors
Snake:3 Asterion
Snake:4 2 transporters, buhh's ghost, adept OpTm


Innate Abilities, Weirdness & Mutations

You are mostly covered in thin metallic scales. (AC +3)
A demonic guardian rushes to your aid.
You are mostly covered in sharp spines.
Your magical and physical power is slightly enhanced at high health.
Your touch may irresistibly damage your foes and sap their willpower.


Message History

Really attack while wielding the +5 sling "Ryil" {flame, rC+ Will+}?
Okay, then.
The +5 sling "Ryil" {flame, rC+ Will+} stops flaming.
You feel agile.
The +5 dagger of Befukhlo {freeze, Dex+5} glows with a cold blue light!
X - the +5 dagger of Befukhlo (weapon)
{freeze, Dex+5} You hit the nagaraja.
You freeze the nagaraja.
The nagaraja is severely wounded.
You feel sick. You block the nagaraja's attack.
You hit the nagaraja. You freeze the nagaraja.
The nagaraja is severely wounded.
You feel sick. The nagaraja barely misses you.
You hit the nagaraja. You freeze the nagaraja.
The nagaraja is severely wounded.
The nagaraja gestures at you while chanting.
You resist with significant effort.
You hit the nagaraja. You freeze the nagaraja.
The nagaraja is severely wounded.
You feel sick.
You puncture the nagaraja! You freeze the nagaraja.
The nagaraja is almost dead.
The nagaraja barely misses you.
You hit the nagaraja but do no damage.
The nagaraja is almost dead.
You feel sick. The nagaraja hits you with a +0 club!
* * * LOW HITPOINT WARNING * * *
A demonic guardian appears!
Unknown command.
You barely miss the nagaraja.
The nagaraja is almost dead.
The nagaraja casts a spell at you. The poison arrow misses you.
You hit the nagaraja. You freeze the nagaraja.
The nagaraja is almost dead.
You feel sick.
The nagaraja points at you and mumbles some strange words.
The poison arrow hits you!!
You are more poisoned.
You die...
Your body crumbles into a pile of gold.

.#....#......≈≈≈§......#....'..#.
.#....#.......≈≈.......#....##.#.
.'....#.....§.§≈.......#.....#.##
##....#..)...≈§≈§......#.....#...
......#§.§.≈§≈§≈≈≈.....#.....#.##
.....##.§≈≈≈≈§§§≈≈§§≈..####..###.
....##..§§§§≈≈§§§≈§≈§...###......
...##§§.≈§§########≈§≈...##......
..##.§§§§###...N@.###≈≈≈..##.....
.##).≈≈§##...$$.3...##≈§§..##....
##[.≈≈≈##............##§§≈.)##...
#).≈≈≈## ...######....##≈.≈..##..
..§≈§## .# ###...##≈≈≈..##.
.≈≈≈## ##)..##≈≈...#. .≈≈§#
##...#≈....#. ##### #...'.....#.
# ###########.


You could see a nagaraja (fast, ally target) and a friendly smoke demon
(summoned).

Vanquished Creatures
  Bai Suzhen (Snake:3)
  Gastronok (Lair:1)
  Frances (Snake:1)
  Kirke (Lair:4)
  4 nagarajas
  Aizul (Snake:1)
  The ghost of pigah the Zephyrmancer, a journeyman OpAE of Gozag (Orc:2)
  Azrael (Snake:2)
  An ettin (Orc:1)
  3 hydras
  3 salamander tyrants (Snake:4)
  A two-headed ogre (D:5)
  Erica (D:9)
  8 anacondas
  9 naga warriors
  4 catoblepae
  15 death yaks
  6 shock serpents
  10 naga sharpshooters
  8 orc high priests
  2 salamander mystics (Snake:4)
  Amaemon (Lair:3)
  4 naga ritualists
  4 lindwurms
  3 orc knights (Orc:2)
  12 mana vipers
  5 orc sorcerers
  12 salamanders
  2 manticores (Lair:6)
  A cyclops (Orc:1)
  40 black mambas
  13 elephants
  6 guardian serpents
  An orange demon (Lair:3)
  15 naga magi
  A torpor snail (Lair:6)
  12 cane toads
  11 komodo dragons
  4 rime drakes
  2 ice devils (Lair:6)
  A yaktaur (shapeshifter) (D:10)
  6 trolls
  A polar bear (Lair:4)
  A hornet (D:9)
  16 blink frogs
  A slime creature (Lair:5)
  7 wyverns
  53 yaks
  4 fire elementals (Snake:2)
  6 hogs (Lair:4)
  2 steam dragons
  5 basilisks
  9 wargs
  38 nagas
  An acid dragon (D:10)
  16 water moccasins
  23 orc warriors
  3 hell hounds (Snake:2)
  2 black bears
  An ice beast (D:5)
  A sky beast (D:7)
  3 ogres
  12 centaurs
  10 wolves
  A phantom (D:5)
  4 kobold brigands
  A necrophage (D:5)
  2 scorpions
  15 bullfrogs
  4 wights (D:7)
  6 killer bees (D:7)
  3 howler monkeys
  An electric eel (Lair:2)
  4 jellies
  6 hounds
  2 gnoll boudas
  39 orc priests
  5 iguanas
  22 orc wizards
  5 mummies (Ossuary)
  Robin (D:4)
  10 gnolls
  7 adders
  2 shadow imps
  2 white imps (D:7)
  An ufetubus (D:5)
  A worm (D:3)
  2 dart slugs
  102 orcs
  9 endoplasms
  6 giant cockroaches
  14 goblins
  3 hobgoblins (D:4)
  5 jackals
  2 quokkas
  6 ball pythons
  7 bats
  5 frilled lizards
  A gnoll zombie (Ossuary)
  2 hobgoblin zombies (Ossuary)
  26 kobolds
  A kobold zombie (Ossuary)
  2 orc zombies (Ossuary)
  9 rats
799 creatures vanquished.

Vanquished Creatures (collateral kills)
  Louise (Snake:1)
  Fannar (Lair:3)
  A hydra (Lair:5)
  A catoblepas (Lair:6)
  A naga sharpshooter (Snake:4)
  A lindwurm (Snake:4)
  A salamander (Snake:4)
  2 black mambas
  3 elephants (Lair:6)
  A gargoyle (D:10)
  A komodo dragon (Lair:5)
  A blink frog (Lair:6)
  A basilisk (Lair:6)
  A wyvern (Lair:3)
  7 yaks
  3 nagas
  2 acid dragons
  A warg (Orc:2)
  An orc warrior (D:10)
  A centaur (D:10)
  A kobold brigand (D:10)
  An orc wizard (D:10)
  3 mummies (Ossuary)
  An orc (D:10)
  2 kobolds (D:10)
  2 hobgoblin zombies (Ossuary)
42 creatures vanquished.

Vanquished Creatures (others)
  Nikola (Snake:1)
  61 fungi
  75 plants
137 creatures vanquished.

Grand Total: 978 creatures vanquished

Notes
Turn   | Place    | Note
-------+----------+-------------------------------------------
     0 | D:1      | Zonian the Demonspawn Ice Elementalist began the quest for
                  | the Orb.
     0 | D:1      | Reached XP level 1. HP: 13/13 MP: 3/3
   690 | D:1      | Gained mutation: A weak demonic guardian rushes to your
                  | aid. [demonic ancestry]
   690 | D:1      | Reached XP level 2. HP: 9/19 MP: 3/5
  1747 | D:1      | Gained mutation: You are partially covered in thin metallic
                  | scales. (AC +2) [demonic ancestry]
  1747 | D:1      | Reached XP level 3. HP: 24/24 MP: 6/6
  2221 | D:2      | Learned a level 3 spell: Frozen Ramparts
  2735 | D:2      | Identified the +3 leather armour of the Invisible Hand
                  | {rN++ Int+2}
  3264 | D:2      | Noticed Terence
  3494 | D:2      | Learned a level 3 spell: Ozocubu's Armour
  3557 | D:2      | Gained mutation: You are partially covered in sharp spines.
                  | [demonic ancestry]
  3557 | D:2      | Reached XP level 4. HP: 30/30 MP: 7/7
  4273 | D:3      | Found a faded altar of an unknown god.
  4401 | D:4      | Reached skill level 1 in Short Blades
  4475 | D:4      | Gained mutation: Your touch may inflict minor irresistible
                  | damage on your foes. [demonic ancestry]
  4475 | D:4      | Reached XP level 5. HP: 25/35 MP: 5/8
  4508 | D:4      | Found Plog's Book Shop.
  4526 | D:4      | Found a sand-covered staircase.
  4537 | Ossuary  | Entered an ossuary
  4658 | Ossuary  | Reached skill level 5 in Ice Magic
  5312 | D:4      | Noticed Robin
  5350 | D:4      | Reached XP level 6. HP: 37/41 MP: 9/9
  5367 | D:4      | Killed Robin
  6163 | D:5      | Entered Level 5 of the Dungeon
  6183 | D:5      | Found Xuloyxze's Antique Weapon Emporium.
  6204 | D:5      | Gained mutation: Your touch may inflict irresistible damage
                  | on your foes. [demonic ancestry]
  6204 | D:5      | Reached XP level 7. HP: 24/46 MP: 10/10
  6622 | D:5      | Noticed a two-headed ogre
  7124 | D:5      | Reached skill level 5 in Short Blades
  7140 | D:5      | Bought a twisted sling for 208 gold pieces
  7140 | D:5      | Identified the +5 sling "Ryil" {flame, rC+ Will+} (You
                  | bought it in a shop on level 5 of the Dungeon)
  7183 | D:5      | Reached XP level 8. HP: 41/52 MP: 11/11
  7302 | D:5      | Found a staircase to the Ecumenical Temple.
  7339 | D:5      | Killed a two-headed ogre
  7799 | Temple   | Entered the Ecumenical Temple
  7966 | Temple   | Became a worshipper of Gozag Ym Sagoz the Greedy
  7981 | D:5      | Found a runed translucent door.
  8025 | D:5      | Noticed avis's ghost (novice DgIE)
  8076 | D:5      | Found a runed translucent door.
  8442 | D:6      | Identified the +0 sling of Profit {speed, rElec rC- Str+2
                  | Stlth+}
  8717 | D:6      | Found Dilif's Antique Weapon Shoppe.
  8900 | D:6      | Gained mutation: A demonic guardian rushes to your aid.
                  | [demonic ancestry]
  8900 | D:6      | Reached XP level 9. HP: 48/57 MP: 12/12
  9534 | D:6      | Found a runed translucent door.
  9535 | D:6      | Noticed Crazy Yiuf
  9753 | D:7      | Reached skill level 10 in Short Blades
  9761 | D:7      | Reached skill level 1 in Ranged Weapons
  9805 | D:7      | Reached skill level 2 in Ranged Weapons
 10030 | D:7      | Reached skill level 3 in Ranged Weapons
 10327 | D:7      | Reached XP level 10. HP: 62/63 MP: 13/13
 10331 | D:7      | Found Kebomidgh's Book Emporium.
 10342 | D:7      | Reached skill level 4 in Ranged Weapons
 10751 | D:8      | Found a stormy altar of Qazlal.
 10790 | D:8      | Reached skill level 5 in Ranged Weapons
 10792 | D:8      | Reached skill level 1 in Fighting
 10863 | D:8      | Found a runed translucent door.
 10953 | D:8      | Found a runed translucent door.
 12444 | D:9      | Found Putial's Book Shoppe.
 12498 | D:9      | Identified the +1 robe of Amelioration {Harm +Inv rN+
                  | Str-2}
 12546 | D:9      | Noticed Erica
 12560 | D:9      | Killed Erica
 12561 | D:9      | Reached skill level 6 in Ranged Weapons
 13482 | D:9      | Reached skill level 5 in Fighting
 13834 | D:9      | Reached skill level 7 in Ranged Weapons
 14092 | D:10     | Entered Level 10 of the Dungeon
 14167 | D:10     | Found a staircase to the Lair.
 14340 | D:10     | Noticed a gargoyle
 14350 | D:10     | Gained mutation: Your touch may irresistibly damage your
                  | foes and sap their willpower. [demonic ancestry]
 14350 | D:10     | Reached XP level 11. HP: 70/79 MP: 14/14
 14482 | D:10     | Reached skill level 5 in Stealth
 14490 | D:10     | Learned a level 4 spell: Hailstorm
 15027 | D:10     | Found a staircase to the Orcish Mines.
 15521 | Lair:1   | Entered Level 1 of the Lair of Beasts
 15633 | D:5      | Bought a runed short sword for 192 gold pieces
 15633 | D:5      | Bought a pitted spear for 256 gold pieces
 15633 | D:5      | Identified the +3 spear "Orb Guardian's Regret" {antimagic,
                  | Str+4 Stlth+} (You bought it in a shop on level 5 of the
                  | Dungeon)
 15758 | Lair:1   | Reached skill level 8 in Ranged Weapons
 15995 | Lair:1   | Noticed Gastronok
 16071 | Lair:1   | Reached skill level 9 in Ranged Weapons
 16475 | Lair:1   | You fall into a shaft and drop 1 floor!
 16571 | Lair:2   | Reached skill level 10 in Ranged Weapons
 17219 | Lair:2   | Reached skill level 11 in Ranged Weapons
 17617 | Lair:1   | Killed Gastronok
 17618 | Lair:1   | Gained mutation: You are mostly covered in sharp spines.
                  | [demonic ancestry]
 17618 | Lair:1   | Reached XP level 12. HP: 75/86 MP: 8/15
 18463 | Lair:1   | Reached skill level 12 in Ranged Weapons
 19472 | Lair:2   | Found a staircase to the Snake Pit.
 19766 | Lair:2   | Upgraded the game from 0.29-a0-834-g1e95ca9f62 to
                  | 0.29-a0-838-g385bb11a5b
 20022 | Lair:3   | Reached skill level 13 in Ranged Weapons
 20470 | Lair:3   | Noticed Fannar
 20490 | Lair:3   | Killed Fannar
 21405 | Lair:3   | Found a staircase to the Shoals.
 21477 | Lair:3   | Noticed Amaemon
 21498 | Lair:3   | Killed Amaemon
 22434 | Lair:3   | Reached skill level 14 in Ranged Weapons
 22434 | Lair:3   | Reached skill level 1 in Conjurations
 22746 | Lair:4   | Noticed Kirke
 22830 | Lair:4   | Noticed a catoblepas
 23140 | Lair:3   | Noticed a catoblepas
 23157 | Lair:3   | Killed a catoblepas
 23158 | Lair:3   | Reached skill level 5 in Conjurations
 23158 | Lair:3   | Gained mutation: Your magical and physical power is
                  | slightly enhanced at high health. [demonic ancestry]
 23158 | Lair:3   | Reached XP level 13. HP: 10/91 MP: 15/17
 23519 | Lair:4   | Reached skill level 1 in Evocations
 23801 | Lair:4   | Identified the +5 dagger of Befukhlo {freeze, Dex+5}
 24430 | Lair:4   | Killed Kirke
 24913 | Lair:5   | Reached skill level 5 in Spellcasting
 25099 | Lair:5   | Reached skill level 5 in Evocations
 25230 | Lair:5   | Found a staircase to the Slime Pits.
 25230 | Lair:5   | Found a viscous altar of Jiyva.
 26338 | Lair:6   | Entered Level 6 of the Lair of Beasts
 28075 | Lair:6   | Reached XP level 14. HP: 108/108 MP: 21/21
 28522 | Lair:6   | Reached skill level 10 in Fighting
 30458 | Lair:6   | Reached skill level 10 in Conjurations
 31551 | D:9      | Bought a book of Spectacle for 480 gold pieces
 31556 | D:9      | Learned a level 4 spell: Iskenderun's Mystic Blast
 31561 | D:9      | Bought a smoking helmet for 380 gold pieces
 31561 | D:9      | Identified the +1 helmet "Gaex" {rF++ Str-4 SInv} (You
                  | bought it in a shop on level 9 of the Dungeon)
 31570 | D:9      | Bought a faintly humming troll leather armour for 800 gold
                  | pieces
 31570 | D:9      | Identified the +3 troll leather armour of Conscience
                  | {Contam Regen+ Slay+5} (You bought it in a shop on level 9
                  | of the Dungeon)
 31605 | Orc:1    | Entered Level 1 of the Orcish Mines
 31673 | Orc:1    | Found Tafrycey's Armour Emporium.
 31716 | Orc:1    | Reached skill level 1 in Armour
 31716 | Orc:1    | Reached skill level 1 in Translocations
 31830 | Orc:1    | Reached skill level 5 in Dodging
 32241 | Orc:2    | Entered Level 2 of the Orcish Mines
 32395 | Orc:2    | Found Emolliq's Antique Weapon Shop.
 32630 | Orc:2    | Found a runed translucent door.
 32633 | Orc:2    | Noticed pigah's ghost (journeyman OpAE)
 32763 | Orc:2    | Found Poferad's Antique Weapon Emporium.
 32763 | Orc:2    | Found Genahaup's Jewellery Shop.
 32974 | Orc:2    | Found Mofosaog's Armour Boutique.
 33114 | Orc:2    | Gained mutation: You are mostly covered in thin metallic
                  | scales. (AC +3) [demonic ancestry]
 33114 | Orc:2    | Reached XP level 15. HP: 106/115 MP: 22/22
 33146 | Orc:2    | Found Bakuizil's Antique Armour Emporium.
 33146 | Orc:2    | Found Xeasekuink's Antique Armour Shop.
 33157 | Orc:2    | Bought a pair of runed boots for 292 gold pieces
 33179 | Orc:2    | Bought an ichor-stained buckler for 228 gold pieces
 33179 | Orc:2    | Identified the +0 buckler of the Distant Future {*Slow
                  | rElec rF+ Int+5} (You bought it in a shop on level 2 of the
                  | Orcish Mines)
 33391 | Orc:2    | Found a staircase to the Elven Halls.
 33398 | Orc:2    | Found Hiatwic's Magic Scroll Boutique.
 33406 | Orc:2    | Bought a scroll of summoning for 114 gold pieces
 33406 | Orc:2    | Bought a scroll of acquirement for 624 gold pieces
 33732 | Orc:2    | Killed pigah's ghost
 34053 | Snake:1  | Entered Level 1 of the Snake Pit
 34226 | Snake:1  | Reached skill level 5 in Translocations
 34884 | Snake:1  | Acquired 1044 gold pieces
 35149 | Snake:1  | Noticed Nikola
 35149 | Snake:1  | Noticed Aizul
 35240 | Snake:1  | Noticed Frances
 35247 | Snake:1  | Killed Frances
 35252 | Snake:1  | Noticed Louise
 35264 | Snake:1  | Killed Louise
 35617 | Snake:1  | Killed Aizul
 35944 | Snake:1  | Killed Nikola
 36563 | Snake:2  | Noticed Azrael
 36580 | Snake:2  | Killed Azrael
 37123 | Snake:2  | Learned a level 3 spell: Dazzling Flash
 37127 | Snake:2  | Learned a level 3 spell: Stone Arrow
 38579 | Snake:2  | Reached XP level 16. HP: 122/122 MP: 23/23
 39042 | Snake:3  | Reached skill level 1 in Hexes
 39042 | Snake:3  | Reached skill level 1 in Earth Magic
 39729 | Snake:3  | Acquired the ring "Guroerub" {*Corrode rF+ rC+ Int+6 Dex+4}
 39829 | Snake:3  | Noticed Asterion
 39908 | Snake:3  | Noticed Bai Suzhen
 39935 | Snake:3  | Killed Bai Suzhen
 40196 | Snake:4  | Entered Level 4 of the Snake Pit
 40214 | Snake:4  | Bought the ring of Soan {Wiz Str+4} for 681 gold pieces
 41635 | Snake:4  | Learned a level 1 spell: Sandblast
 41870 | Orc:2    | Bought a scroll of amnesia for 48 gold pieces
 41875 | Orc:2    | Learned a level 3 spell: Lesser Beckoning
 42058 | Snake:4  | Noticed buhh's ghost (adept OpTm)
 42060 | Snake:4  | Found a transporter.
 42060 | Snake:4  | Found a transporter.
 42277 | Snake:4  | Reached skill level 5 in Hexes
 42287 | Snake:4  | Reached skill level 10 in Evocations
 42615 | Snake:4  | Reached skill level 5 in Earth Magic
 43214 | Snake:4  | Killed from afar by a nagaraja

Illustrated notes

Levels and vault maps discovered:
D:1:      dpeg_arrival_ternary, layout_loops_ring, roderic_serpentine_path,
          item_on_display_a
D:2:      layout_basic, uniq_terence
D:3:      layout_basic, shapermc_ecumenical_altar_hornbeckon
D:4:      layout_gridville, nicolae_ossuary_entry_ruins, serial_shops,
          nicolae_diamond_shop, uniq_robin
D:5:      layout_gridville, minmay_temple_entry_sparse_star,
          ebering_ghost_sewer_f, serial_shops, shop
D:6:      layout_loops_corners, serial_shops, shop, uniq_crazy_yiuf_cottage
D:7:      layout_rooms, serial_shops, shop
D:8:      lemuel_insect_pit, layout_rooms, nicolae_qazlal_general_emergency,
          mainiacjoe_overflow_boulevard
D:9:      layout_stronghold, serial_shops, nicolae_shop_statue_plus, uniq_erica
D:10:     layout_irregular_city, lemuel_coloured_pillars_altar,
          lair_entry_dummy, orc_0_dummy, minmay_chambers_of_fives
D:11:     layout_basic, serial_shops, nicolae_take_the_stairs, serial_rivers,
          chequers_serial_rivers_small_3, chequers_serial_rivers_small_b,
          chequers_serial_rivers_large_a, chequers_serial_rivers_room_a
Temple:   nicolae_temple_bog_church
Lair:1:   layout_cave_pods, lemuel_fruit_tree, grunt_megastairs_1,
          uniq_gastronok
Lair:2:   layout_hall_layers, minmay_snake_entry_guardpost_small, basic_altar,
          lemuel_fruit_fields, serial_bayou_shore_a
Lair:3:   layout_long_grid, minmay_shoals_entry_centaurs,
          kennysheep_catoblepas_arena, uniq_fannar, uniq_amaemon
Lair:4:   layout_cave_pods, uniq_kirke
Lair:5:   layout_misc_corridors, minmay_slime_entry_pillars
Lair:6:   evilmike_catoblepas_cave, layout_cave_pods,
          portal_ice_cave_demonic_guard, grunt_megastairs_5
Snake:1:  layout_gridlike, grunt_megastairs_3, uniq_nikola, uniq_frances,
          uniq_aizul, uniq_louise
Snake:2:  layout_basic, nicolae_snake_lava_pool, uniq_azrael
Snake:3:  layout_misc_corridors, nicolae_snake_springs, uniq_asterion,
          uniq_bai_suzhen
Snake:4:  snake_pit_salamanders_mu, layout_cave_town, gammafunk_ghost_arena
Orc:1:    layout_caves, serial_shops, shop_fountains, bh_open_orc_temple
Orc:2:    st_orc_town, layout_caves, ebering_ghost_inner_flame, serial_shops,
          shop, nicolae_shop_crystal, nicolae_shop_behind_doors, mines1_david

Skill      XL: |  1  2  3  4  5  6  7  8  9 10 11 12 13 14 15 16 |
---------------+-------------------------------------------------+-----
Stealth        | 2 4 5 |  5.0
Dodging        | 2 6 8 |  8.0
Ice Magic      | 4 5 6 8 |  8.0
Short Blades   | 1 2 3 5 7 10 | 10.0
Ranged Weapons | 3 7 11 14 | 14.0
Fighting       | 5 9 10 | 10.0
Conjurations   | 5 6 10 | 10.0
Evocations     | 5 8 10 | 10.0
Spellcasting   | 5 7 |  7.7
Armour         | 3 4 |  4.0
Translocations | 3 8 |  8.0
Hexes          | 5 |  5.0
Earth Magic    | 5 |  5.0

Action                   |  1- 3 |  4- 6 |  7- 9 | 10-12 | 13-15 | 16-18 || total
-------------------------+-------+-------+-------+-------+-------+-------++-------
Melee: Short sword       |    72 |   122 |       |       |       |       ||   194
       Spear             |    12 |       |       |       |       |       ||    12
       Touch             |       |    16 |    36 |    82 |   153 |       ||   287
       Punch             |       |     1 |     2 |     8 |     5 |       ||    16
       Rapier            |       |    18 |    36 |       |       |       ||    54
       Dagger            |       |       |   127 |   366 |   816 |   137 ||  1446
       Flail             |       |       |       |     3 |       |       ||     3
       Unarmed           |       |       |       |     3 |       |       ||     3
 Fire: Sling             |       |     3 |    20 |   310 |   485 |   328 ||  1146
Throw: Dart              |       |     1 |     6 |       |       |       ||     7
 Cast: Freeze            |    24 |    13 |       |     6 |       |       ||    43
       Frozen Ramparts   |       |       |     8 |    26 |    29 |     7 ||    70
       Ozocubu's Armour  |       |       |     3 |     9 |     1 |       ||    13
       Hailstorm         |       |       |       |       |    17 |    12 ||    29
       Iskenderun's Myst |       |       |       |       |     4 |     3 ||     7
       Stone Arrow       |       |       |       |       |       |     4 ||     4
Invok: Potion Petition   |       |       |       |     1 |     1 |       ||     2
       Call Merchant     |       |       |       |       |     1 |     1 ||     2
Evoke: Wand              |       |       |     1 |     6 |     2 |     1 ||    10
       Lightning rod     |       |       |       |     7 |    10 |     9 ||    26
       Box of beasts     |       |       |       |     1 |     3 |       ||     4
  Use: Scroll            |     1 |    15 |     4 |    17 |     4 |     3 ||    44
       Potion            |       |     4 |     1 |     3 |     3 |     4 ||    15
 Stab: Sleeping          |    12 |     9 |     2 |     5 |    22 |     3 ||    53
       Distracted        |       |     2 |     3 |     2 |     5 |     2 ||    14
Armor: Robe              |    22 |       |       |       |       |       ||    22
       Leather armour    |       |    57 |    57 |    98 |    69 |       ||   281
       Skin              |       |       |       |     7 |       |       ||     7
       Troll leather arm |       |       |       |       |    61 |    59 ||   120
Dodge: Dodged            |    61 |    66 |    55 |   189 |   251 |    96 ||   718
Block: Other             |       |       |       |    21 |    60 |       ||    81
       Reflection        |       |       |       |     1 |    16 |    12 ||    29
       Buckler           |       |       |       |       |    79 |    61 ||   140

Table legend: (Time is in decaauts)
 A = Elapsed time spent in this place.
 B = Non-inter-level travel time spent in this place.
 C = Inter-level travel time spent in this place.
 D = Time resting spent in this place.
 E = Time spent auto-exploring this place.
 F = Levels seen in this place.
 G = Mean time per level.
                   A        B        C        D        E       F      G
               +--------+--------+--------+--------+--------+-----+--------+
         Total |  42379 |  40761 |   1618 |  17227 |  14553 |  25 | 1695.2 |
       Dungeon |  15327 |  14615 |    712 |   4659 |   6996 |  11 | 1393.4 |
        Temple |    181 |    140 |     41 |      0 |    117 |   1 |  181.0 |
          Lair |  15446 |  15008 |    438 |   7960 |   4323 |   6 | 2574.3 |
     Snake Pit |   8602 |   8342 |    260 |   4157 |   1910 |   4 | 2150.5 |
  Orcish Mines |   2350 |   2185 |    165 |    244 |   1205 |   2 | 1175.0 |
       Ossuary |    470 |    470 |      0 |    207 |      0 |   1 |  470.0 |
               +--------+--------+--------+--------+--------+-----+--------+

Top non-repeatable levels by time:
  Lair:6: 3848 daAuts
  Lair:3: 3249 daAuts
 Snake:1: 2452 daAuts
 Snake:2: 2410 daAuts
 Snake:4: 2316 daAuts
  Lair:5: 2261 daAuts
  Lair:2: 2255 daAuts
     D:1: 2208 daAuts
     D:5: 1998 daAuts
     D:9: 1955 daAuts
  Lair:4: 1925 daAuts
  Lair:1: 1905 daAuts
    D:10: 1718 daAuts
   Orc:2: 1709 daAuts
     D:2: 1688 daAuts
